 Dungeon Crawl Stone Soup version 0.29.1-15-g9cfb28693d (webtiles) character file.

Game seed: 8646347575101489123

542 Heoruswealwe the Covered (level 7, -1/62 HPs)
             Began as a Minotaur Fighter on Mar 16, 2023.
             Was a Plaything of Xom.
             Slain by Sensen's ghost (10 damage)
             ... on level 3 of the Dungeon.
             The game lasted 00:21:17 (1664 turns).

Heoruswealwe the Covered (Minotaur Fighter)         Turns: 1664, Time: 00:21:17

Health: -1/62      AC:  7    Str: 35    XL:     7   Next: 6%
Magic:  6/6        EV: 10    Int:  8    God:    Xom [.....*]
Gold:   107        SH:  5    Dex: 12    Spells: 6/6 levels left

rFire   . . .      SeeInvis .   f - +0 broad axe (elec)
rCold   . . .      Faith    .   c - +0 buckler
rNeg    . . .      Spirit   .   b - +0 scale mail
rPois   .          Reflect  .   (helmet restricted)
rElec   .          Harm     .   (no cloak)
rCorr   .          Rampage  .   (no gloves)
Will    .....                   (no boots)
Stlth   ..........              (no amulet)
HPRegen 0.20/turn               i - +6 ring of strength
MPRegen 0.10/turn               a - ring of Fann {Fly Str+7 Int+3 Dex+2}

@: mighty, flying
A: horns 2, retaliatory headbutt
a: Renounce Religion


You were on level 3 of the Dungeon.
You worshipped Xom.
You were Xom's teddy bear.
You visited 1 branch of the dungeon, and saw 3 of its levels.

You collected 107 gold pieces.

Inventory:

Hand Weapons
 f - a +0 broad axe of electrocution (weapon)
Armour
 b - a +0 scale mail (worn)
 c - a +0 buckler (worn)
Jewellery
 a - the ring of Fann (right hand) {Fly Str+7 Int+3 Dex+2}
   (You found it on level 3 of the Dungeon)

   [ring of flight]

   Str:       It affects your strength (+7).
   Int:       It affects your intelligence (+3).
   Dex:       It affects your dexterity (+2).
   Fly:       It grants you flight.
 i - a +6 ring of strength (left hand)


   Skills:
 + Level 5.7 Fighting
 + Level 5.0 Axes
 + Level 5.8 Armour
 + Level 5.7 Shields


You had 6 spell levels left.
You didn't know any spells.
Your spell library contained the following spells:

 Spells                   Type           Power      Damage    Failure   Level
 Magic Dart               Conj           0%         1d3       69%         1
 Static Discharge         Conj/Air       0%         3-3/arc   83%         2
 Dazzling Flash           Conj/Hex       0%         N/A       96%         3
 Animate Dead             Necr           0%         N/A       100%        4
 Borgnjor's Vile Clutch   Necr/Erth      0%         N/A       100%        5
 Death Channel            Necr           0%         N/A       100%        6
 Iron Shot                Conj/Erth      0%         9d1       100%        6


Dungeon Overview and Level Annotations

Branches:
Dungeon (3/15)

Altars:
Xom

Annotations:
D:3 Sensen's ghost, weakling OgBe


Innate Abilities, Weirdness & Mutations

You have a pair of horns on your head.
You reflexively headbutt those who attack you in melee.


Message History

Descartes's ghost says, "I love the smell of burning flesh."
Peloso's ghost hits you.
* * * LOW HITPOINT WARNING * * *
You closely miss Peloso's ghost. Your headbutt misses Peloso's ghost.
Peloso's ghost is heavily damaged.
Peloso's ghost barely misses you.
You slice Peloso's ghost!!
Lightning courses through Peloso's ghost!
You destroy Peloso's ghost!
The slime creature changes into a great orb of eyes!
The great orb of eyes changes into a tyrant leech!
Descartes's ghost hits you but does no damage.
You are poisoned.
You slice Descartes's ghost!!
Lightning courses through Descartes's ghost!!
You destroy Descartes's ghost!
You feel very sick.
You hear a shout!
The tyrant leech changes into an ice dragon!
You hear a shout!
Your Axes skill increases to level 5!
You have reached level 7!
You feel sick.
The ice dragon changes into a tyrant leech!
You feel sick.
Skairaider's ghost attacks as you move away!
Skairaider's ghost barely misses you.
You feel sick.
The tyrant leech changes into an ice dragon!
Skairaider's ghost attacks as you move away!
You block skairaider's ghost's attack.
You feel sick.
You barely miss skairaider's ghost. You headbutt skairaider's ghost!!
Skairaider's ghost is heavily damaged.
You feel sick.
You are no longer poisoned.
Skairaider's ghost closely misses you.
You barely miss skairaider's ghost. You headbutt skairaider's ghost!
You destroy skairaider's ghost!
Sensen's ghost hits you!
You die...
Xom snickers!

#.......).....#
#.....#.....[.#
#......#.......#
#.##.###.......########
#.
#.##>....#....#$8=$##
..
#..#..........#....8#
##.
##.#.#(.......#.....$
.#.###...#..'.....$ #@#
##....W'.....8
#W####.##..'.....$
#...W.D....#.....[
######.##..#....8#
#.#####.8..## ... #####
#.... #s.... #......


You could see Sensen's ghost.

Vanquished Creatures
  The ghost of Sensen the Changer, an amateur OpTm (D:3)
  Sigmund (D:2)
  The ghost of Peloso the Covered, an amateur MiFi (D:3)
  The ghost of skairaider the Grave Robber, an amateur DrNe (D:3)
  The ghost of Descartes the Firebug, an amateur DEFE (D:3)
  Terence (D:2)
  A gnoll (D:1)
  A dart slug (D:1)
  2 orcs (D:3)
  2 endoplasms
  2 giant cockroaches
  2 goblins
  6 hobgoblins
  A quokka (D:3)
  2 ball pythons
  2 bats
  A kobold (D:2)
  2 rats
30 creatures vanquished.

Vanquished Creatures (others)
  11 plants (D:1)
  17 withered plants (D:1)
28 creatures vanquished.

Grand Total: 58 creatures vanquished

Notes
Turn   | Place    | Note
-------+----------+-------------------------------------------
     0 | D:1      | Heoruswealwe the Minotaur Fighter began the quest for the
                  | Orb.
     0 | D:1      | Reached XP level 1. HP: 19/19 MP: 0/0
   272 | D:1      | Reached XP level 2. HP: 27/27 MP: 1/1
   324 | D:1      | Found a faded altar of an unknown god.
   365 | D:1      | Prayed at the altar of an unknown god.
   365 | D:1      | Became a worshipper of Xom of Chaos
  1053 | D:2      | Noticed Sigmund
  1060 | D:2      | Killed Sigmund
  1061 | D:2      | Reached XP level 3. HP: 29/35 MP: 2/2
  1061 | D:2      | Reached XP level 4. HP: 35/41 MP: 3/3
  1061 | D:2      | Reached XP level 5. HP: 40/47 MP: 4/4
  1102 | D:2      | Noticed Terence
  1107 | D:2      | Killed Terence
  1258 | D:2      | XOM: god gift: Atwyozy's Parchment of the Boulder and
                  | Confrontation {god gift}
  1259 | D:2      | Got Atwyozy's Parchment of the Boulder and Confrontation
                  | {god gift}
  1288 | D:2      | Identified a scroll of acquirement
  1288 | D:2      | Acquired a +0 broad axe of electrocution
  1381 | D:3      | XOM: noise
  1443 | D:3      | XOM: scenery: summon butterflies
  1497 | D:3      | Identified the ring of Fann {Fly Str+7 Int+3 Dex+2}
  1555 | D:2      | XOM: cloud trail
  1603 | D:3      | Found a runed translucent gate.
  1605 | D:3      | Found a runed translucent gate.
  1607 | D:3      | Found a runed translucent gate.
  1608 | D:3      | Noticed Peloso's ghost (amateur MiFi)
  1609 | D:3      | Noticed Sensen's ghost (amateur OpTm)
  1609 | D:3      | Noticed Sensen's ghost (weakling OgBe)
  1609 | D:3      | Noticed Descartes's ghost (amateur DEFE)
  1610 | D:3      | Noticed skairaider's ghost (amateur DrNe)
  1641 | D:3      | Noticed a glowing shapeshifter
  1641 | D:3      | an orc changed into a glowing shapeshifter
  1641 | D:3      | XOM: polymorph orc -> glowing shapeshifter
  1641 | D:3      | Noticed a shock serpent
  1641 | D:3      | a glowing shapeshifter changed into a shock serpent
  1642 | D:3      | Noticed a redback
  1642 | D:3      | a shock serpent changed into a redback
  1647 | D:3      | Noticed a moth of wrath
  1647 | D:3      | a redback changed into a moth of wrath
  1649 | D:3      | Noticed a death drake
  1649 | D:3      | a moth of wrath changed into a death drake
  1652 | D:3      | Noticed a shining eye
  1652 | D:3      | a death drake changed into a shining eye
  1653 | D:3      | Killed Sensen's ghost
  1654 | D:3      | Reached skill level 5 in Fighting
  1654 | D:3      | Reached skill level 5 in Armour
  1654 | D:3      | Reached skill level 5 in Shields
  1654 | D:3      | Reached XP level 6. HP: 19/56 MP: 5/5
  1655 | D:3      | Noticed a glowing shapeshifter
  1655 | D:3      | a shining eye changed into a glowing shapeshifter
  1655 | D:3      | XOM: polymorph shining eye -> glowing shapeshifter
  1655 | D:3      | Noticed a torpor snail
  1655 | D:3      | a glowing shapeshifter changed into a torpor snail
  1655 | D:3      | Noticed a slime creature
  1655 | D:3      | a torpor snail changed into a slime creature
  1657 | D:3      | Killed Peloso's ghost
  1657 | D:3      | Noticed a great orb of eyes
  1657 | D:3      | a slime creature changed into a great orb of eyes
  1657 | D:3      | Noticed a tyrant leech
  1657 | D:3      | a great orb of eyes changed into a tyrant leech
  1658 | D:3      | Killed Descartes's ghost
  1658 | D:3      | Noticed an ice dragon
  1658 | D:3      | a tyrant leech changed into an ice dragon
  1659 | D:3      | Reached skill level 5 in Axes
  1659 | D:3      | Reached XP level 7. HP: 12/62 MP: 6/6
  1659 | D:3      | Noticed a tyrant leech
  1659 | D:3      | an ice dragon changed into a tyrant leech
  1661 | D:3      | Noticed an ice dragon
  1661 | D:3      | a tyrant leech changed into an ice dragon
  1664 | D:3      | Killed skairaider's ghost
  1664 | D:3      | Slain by Sensen's ghost

Illustrated notes

Levels and vault maps discovered:
D:1:      minmay_arrival_radiant_lines, layout_basic,
          shapermc_ecumenical_altar_flowoftime
D:2:      layout_loops_ring, minmay_heptomino_l4, uniq_sigmund, uniq_terence
D:3:      layout_basic, serial_shops, nicolae_lakefront_shop,
          gammafunk_ghost_cemetery, amcnicky_mini_rare_corridor_liquid

Skill      XL: |  1  2  3  4  5  6 |
---------------+-------------------+-----
Fighting       | 4 5 |  5.7
Armour         | 4 5 |  5.8
Shields        | 4 5 |  5.7
Axes           | 3 4 5 |  5.0

Action                   |  1- 3 |  4- 6 |  7- 9 || total
-------------------------+-------+-------+-------++-------
Melee: War axe           |    71 |     9 |       ||    80
       Headbutt          |    14 |     9 |     2 ||    25
       Broad axe         |       |    23 |     2 ||    25
  Use: Scroll            |     1 |     4 |       ||     5
       Potion            |       |     5 |       ||     5
Armor: Scale mail        |    10 |    14 |       ||    24
Dodge: Dodged            |    10 |    11 |     2 ||    23
Block: Buckler           |     6 |     7 |     1 ||    14
